 Dungeon Crawl Stone Soup version 0.28-a0-863-g8cecda6153 (webtiles) character file.

Game seed: 7491335308200807936

4344 jasper the Cleaver (level 10, -1/115 (118) HPs)
             Began as a Demonspawn Gladiator on Nov 18, 2021.
             Was an Elder of Okawaru.
             Slain by a wight (3 damage)
             ... on level 9 of the Dungeon.
             The game lasted 00:13:37 (9150 turns).

jasper the Cleaver (Demonspawn Gladiator)           Turns: 9150, Time: 00:13:38

HP:   -1/115 (118)  AC: 25    Str: 17    XL:     10   Next: 12%
MP:   13/13         EV:  2    Int:  9    God:    Okawaru [****..]
Gold: 435           SH:  0    Dex: 16    Spells: 9/9 levels left

rFire   + . .      SeeInvis .   a - +0 war axe (flame)
rCold   . . .      Faith    .   (no shield)
rNeg    . . .      Spirit   .   (armour currently unavailable)
rPois   +          Reflect  .   (helmet currently unavailable)
rElec   .          Harm     .   (cloak currently unavailable)
rCorr   .          Rampage  .   (gloves currently unavailable)
Will    .....      NoTele   +   (boots currently unavailable)
Stlth   +.........              (no amulet)
HPRegen 0.29/turn               f - ring of protection from fire
MPRegen 0.13/turn               (no ring)

@: confused, tree-form (expiring), ambrosia-drunk, hasted, lightly drained, very
quick
A: stationary, stasis, torment immunity, boosted hp, (horns 1), powered by death
1, (sturdy frame 3), demonic magic 1
a: Renounce Religion, Heroism, Finesse


You were on level 9 of the Dungeon.
You worshipped Okawaru.
Okawaru was greatly pleased with you.
You were a tree.
You visited 2 branches of the dungeon, and saw 10 of its levels.
You also visited: Sewer.

You collected 435 gold pieces.

Inventory:

Hand Weapons
 a - a +0 war axe of flaming (weapon)
Missiles
 d - a throwing net (quivered)
 i - 89 stones
 o - 25 poisoned darts
Armour
 b - a +0 leather armour
 c - a +1 helmet
 e - a +2 pair of gloves (melded)
 g - a +0 chain mail
 j - a +0 ring mail
 m - a +0 cloak (melded)
 q - a +0 plate armour (melded)
Jewellery
 f - a ring of protection from fire (left branch)
 r - a ring of magical power
 x - an amulet of guardian spirit
Wands
 p - a wand of flame (28)
Scrolls
 k - a scroll of amnesia
 n - 3 scrolls of teleportation
Potions
 l - a potion of haste
 s - a potion of brilliance {unknown}
 u - 2 potions of ambrosia
 v - a potion of berserk rage {unknown}
 w - a potion of heal wounds {unknown}
 A - a potion of mutation {unknown}


   Skills:
 + Level 7.4 Fighting
 * Level 9.8 Axes
 - Level 1.7 Throwing
 + Level 6.4 Armour
 - Level 2.6 Dodging
 - Level 4.0 Invocations


You had 9 spell levels left.
You didn't know any spells.
Your spell library contained the following spells:

 Spells                   Type           Power      Damage    Failure   Level
 Beastly Appendage        Tmut           0%         N/A       38%         1
 Slow                     Hex            0%         N/A       38%         1
 Wereblood                Tmut           0%         N/A       52%         2
 Confusing Touch          Hex            0%         N/A       77%         3
 Frozen Ramparts          Ice            0%         1d2       77%         3
 Ignite Poison            Fire/Tmut/Pois 0%         N/A       77%         3
 Mephitic Cloud           Conj/Pois/Air  0%         N/A       77%         3
 Spider Form              Tmut/Pois      0%         N/A       77%         3
 Vampiric Draining        Necr           0%         2d6       77%         3
 Ice Form                 Ice/Tmut       0%         N/A       99%         4
 Leda's Liquefaction      Hex/Erth       0%         N/A       99%         4
 Olgreb's Toxic Radiance  Pois           0%         N/A       99%         4
 Freezing Cloud           Conj/Ice/Air   0%         6-21      100%        5
 Lee's Rapid Deconstruct  Erth           0%         3d5*      100%        5
 Statue Form              Tmut/Erth      0%         N/A       100%        6
 Ozocubu's Refrigeration  Ice            0%         4d5       100%        7
 Storm Form               Tmut/Air       0%         N/A       100%        7
 Ignition                 Fire           0%         3d3       100%        8
 Maxwell's Capacitive Co  Air            0%         ∞         100%        8
 Summon Ice Beast         Ice/Summ       Unusable   N/A       N/A         4
 Summon Lightning Spire   Summ/Air       Unusable   N/A       N/A         4

Dungeon Overview and Level Annotations

Branches:
Dungeon (9/15)             Temple (1/1) D:4           Sewer (visited)
   Lair: D:8-11         Orc: D:9-12

Altars:
Ashenzari
Dithmenos
Elyvilon
Hepliaklqana
Kikubaaqudgha
Nemelex Xobeh
Okawaru
Ru
Sif Muna
Wu Jian
Yredelemnul
The Shining One

Shops:
D:2 :

Annotations:
D:4 Edmund


Innate Abilities, Weirdness & Mutations

You are a tree.
Your roots penetrate the ground, keeping you stationary.
You cannot be teleported.
You are immune to unholy pain and torment.
Your maximum health is greatly increased.
Your equipment is partially melded.
((You have a pair of small horns on your head.))
You regenerate a little health from kills.
((Your movements are significantly less encumbered by armour. (ER -6)))
Spells you cast may paralyse adjacent enemies.


Message History

The wight hits you from afar with a +2 trident.
* * * LOW HITPOINT WARNING * * *
You feel drained.
You take 6 damage, and have 20/117 hp.
You cannot move.
Unknown command.
Okay, then.
You hit the wight but do no damage.
The wight is severely damaged.
The wight hits you with a +4 battleaxe.
* * * LOW HITPOINT WARNING * * *
You feel drained.
The wight hits you from afar with a +2 trident.
* * * LOW HITPOINT WARNING * * *
You feel drained.
* * * LOW HITPOINT WARNING * * *
You take 6 damage, and have 14/112 hp.
You slash the wight! You burn the wight.
You destroy the wight!
Okawaru accepts your kill.
You slash the yak! You burn the yak.
You kill the yak!
Okawaru accepts your kill. The wight hits you but does no damage.
Your life force feels restored.
You cannot move.
You slash the yak! You burn the yak!
The yak is severely wounded.
The yak gores you!
* * * LOW HITPOINT WARNING * * *
You take 10 damage, and have 4/118 hp.
You are confused.
You feel invigorated. The wight hits you but does no damage.
You regained 2 hp, and now have 6/118 hp.
You cannot move. (Use ctrl+direction or * direction to attack without moving.)
You attack the rock wall.
The yak gores you but does no damage.
The wight hits you from afar with a +2 trident!
* * * LOW HITPOINT WARNING * * *
You feel drained.
You die...

##.....####
#.####^........ ##
... .........## ..
..# #.........#
.##.# #.#....<#.#
.#.# #.##...##.#
..# #.###.###.#
#.# #.# #.†...#
#♣###.###.###.#
#.##Y##..).).....#
#..z))...###.##..#
#..#.###....)....#
#..#.#
#####........ #.
#.# ####..### ..
... #..# .. .(#
#..# ... .### #


You could see a yak and a wight.

Vanquished Creatures
  Harold (D:7)
  4 yaks (D:9)
  A steam dragon (D:9)
  3 water moccasins
  Duvessa (D:4)
  2 orc warriors
  2 ice beasts (D:6)
  A sky beast (D:5)
  A black bear (D:8)
  3 ogres (D:5)
  2 centaurs
  Blork the orc (D:6)
  A kobold brigand (D:6)
  2 scorpions
  A bullfrog (D:6)
  2 wyvern zombies
  Dowan (D:4)
  6 killer bees (D:8)
  4 wights (D:9)
  A centaur zombie (D:7)
  2 centaur skeletons
  A gnoll shaman (D:6)
  3 hounds
  2 orc priests
  5 iguanas
  6 orc wizards
  2 howler monkey zombies
  3 gnolls (D:6)
  7 adders
  A worm (D:2)
  25 orcs
  8 endoplasms
  5 giant cockroaches
  5 goblins
  4 hobgoblins
  2 jackals (D:3)
  6 quokkas
  13 ball pythons
  12 bats
  4 frilled lizards
  10 kobolds
  6 rats
172 creatures vanquished.

Notes
Turn   | Place    | Note
-------+----------+-------------------------------------------
     0 | D:1      | jasper the Demonspawn Gladiator began the quest for the
                  | Orb.
     0 | D:1      | Reached XP level 1. HP: 16/16 MP: 1/1
   110 | D:1      | Reached skill level 3 in Axes
   110 | D:1      | Gained mutation: Your movements are slightly less
                  | encumbered by armour. (ER -2) [demonic ancestry]
   110 | D:1      | Reached XP level 2. HP: 16/22 MP: 2/2
   447 | D:1      | Found a faded altar of an unknown god.
   611 | D:1      | Reached skill level 1 in Armour
   641 | D:1      | Gained mutation: Your movements are less encumbered by
                  | armour. (ER -4) [demonic ancestry]
   641 | D:1      | Reached XP level 3. HP: 28/28 MP: 3/3
   952 | D:2      | You fall into a shaft and drop 2 floors!
  1009 | D:4      | Reached XP level 4. HP: 10/34 MP: 4/4
  1225 | D:4      | Found a staircase to the Ecumenical Temple.
  1238 | Temple   | Entered the Ecumenical Temple
  1257 | Temple   | Became a worshipper of Warmaster Okawaru
  1304 | D:4      | Noticed Duvessa
  1304 | D:4      | Noticed Dowan
  1325 | D:4      | Killed Duvessa
  1326 | D:4      | Reached skill level 4 in Axes
  1326 | D:4      | Reached XP level 5. HP: 41/41 MP: 5/5
  1666 | D:3      | Found a glowing drain.
  1709 | Sewer    | Entered a sewer
  1771 | Sewer    | Noticed a water moccasin
  1790 | Sewer    | Killed a water moccasin
  1790 | Sewer    | Reached * piety under Okawaru
  1791 | Sewer    | Reached skill level 5 in Axes
  1791 | Sewer    | Reached XP level 6. HP: 38/48 MP: 6/6
  2181 | D:2      | Found Rowedgh's Book Emporium.
  2498 | D:3      | Reached skill level 1 in Invocations
  3447 | D:4      | Killed Dowan
  3471 | D:4      | Noticed Edmund
  3559 | D:4      | You fall into a shaft and drop 3 floors!
  3737 | D:7      | Gained mutation: Spells you cast may paralyse adjacent
                  | enemies. [demonic ancestry]
  3737 | D:7      | Reached XP level 7. HP: 18/53 MP: 8/10
  3963 | D:6      | Noticed Blork the orc
  3974 | D:6      | Killed Blork the orc
  4173 | D:5      | Entered Level 5 of the Dungeon
  4275 | D:5      | Reached ** piety under Okawaru
  4448 | D:5      | Reached skill level 6 in Axes
  4477 | D:5      | Gained mutation: You regenerate a little health from kills.
                  | [demonic ancestry]
  4477 | D:5      | Reached XP level 8. HP: 61/61 MP: 11/11
  5098 | D:5      | Reached skill level 5 in Fighting
  5327 | D:5      | You fall into a shaft and drop 2 floors!
  5349 | D:7      | Reached skill level 7 in Axes
  5694 | D:6      | Reached *** piety under Okawaru
  6204 | D:6      | Gained mutation: You have a pair of small horns on your
                  | head. [demonic ancestry]
  6204 | D:6      | Reached XP level 9. HP: 69/69 MP: 12/12
  6240 | D:6      | Reached skill level 8 in Axes
  6240 | D:6      | Reached skill level 5 in Armour
  7365 | D:7      | Noticed Harold
  7393 | D:7      | Killed Harold
  7447 | D:7      | Reached **** piety under Okawaru
  8190 | D:8      | Reached skill level 9 in Axes
  9123 | D:9      | Gained mutation: Your movements are significantly less
                  | encumbered by armour. (ER -6) [demonic ancestry]
  9123 | D:9      | Reached XP level 10. HP: 23/79 MP: 13/13
  9148 | D:9      | HP: 4/118 [yak (10)]
  9150 | D:9      | Slain by a wight

Illustrated notes

Levels and vault maps discovered:
D:1:      scummos_arrival_hexagon, layout_basic, basic_ecumenical_altar,
          minmay_domino_2
D:2:      layout_loops_cross, serial_shops, nicolae_shop_statue_plus
D:3:      layout_loops_ring, portal_sewer_entry_e, serial_co_window_serial,
          co_window_paths_a, co_window_paths_a, co_window_corner_a,
          co_window_cross_1, co_window_paths_a, co_window_cross_4,
          co_window_2corner, co_window_cross_2, co_window_paths_d,
          co_window_sun, glass_columns_a, glass_columns_a, glass_columns_c,
          glass_columns_b
D:4:      layout_gridville, minmay_temple_entry_sparse_star,
          minmay_misc_feat_alley, nicolae_shop_clearance, uniq_duvessa,
          uniq_edmund, uniq_robin
D:5:      layout_basic
D:6:      layout_basic, kennysheep_pointless_box, patterned_corridor,
          uniq_blork_the_orc
D:7:      layout_loops_ring, uniq_harold
D:8:      layout_loops_ring
D:9:      layout_loops_ring, nicolae_qazlal_scattered_showers,
          corexii_checkpoint_a
Temple:   grunt_wide_crystal_templ

Skill      XL: |  1  2  3  4  5  6  7  8  9 |
---------------+----------------------------+-----
Axes           | 3 4 5 6 7 9 |  9.8
Armour         | 1 2 3 4 6 |  6.4
Fighting       | 3 4 5 7 |  7.4
Invocations    | 4 |  4.0
Throwing       | |  1.7
Dodging        | |  2.6

Action                   |  1- 3 |  4- 6 |  7- 9 | 10-12 || total
-------------------------+-------+-------+-------+-------++-------
Melee: War axe           |    51 |   159 |   370 |    20 ||   600
       Punch             |       |       |     4 |       ||     4
       Headbutt          |       |       |    37 |     2 ||    39
Throw: Javelin           |    21 |     4 |    24 |     3 ||    52
       Throwing net      |     3 |     1 |       |       ||     4
       Stone             |       |    21 |     1 |       ||    22
       Dart              |       |       |     6 |       ||     6
Invok: Heroism           |       |       |     4 |       ||     4
Evoke: Wand              |       |     6 |     4 |       ||    10
  Use: Scroll            |     3 |     1 |     6 |       ||    10
       Potion            |       |     1 |     2 |     4 ||     7
 Stab: Held in net/web   |     1 |       |       |       ||     1
Armor: Leather armour    |    10 |       |       |       ||    10
       Ring mail         |     1 |    24 |       |       ||    25
       Skin              |       |     4 |     4 |     9 ||    17
       Chain mail        |       |    88 |       |       ||    88
       Plate armour      |       |     8 |   231 |       ||   239
Dodge: Dodged            |    41 |   104 |   176 |     2 ||   323

Table legend: (Time is in decaauts)
 A = Elapsed time spent in this place.
 B = Non-inter-level travel time spent in this place.
 C = Inter-level travel time spent in this place.
 D = Time resting spent in this place.
 E = Time spent auto-exploring this place.
 F = Levels seen in this place.
 G = Mean time per level.
                   A        B        C        D        E       F      G
               +--------+--------+--------+--------+--------+-----+--------+
         Total |   9284 |   8851 |    433 |    634 |   6374 |  11 |  844.0 |
       Dungeon |   9040 |   8614 |    426 |    634 |   6244 |   9 | 1004.4 |
        Temple |     27 |     20 |      7 |      0 |      3 |   1 |   27.0 |
         Sewer |    216 |    216 |      0 |      0 |    127 |   1 |  216.0 |
               +--------+--------+--------+--------+--------+-----+--------+

Top non-repeatable levels by time:
     D:6: 1650 daAuts
     D:7: 1497 daAuts
     D:3: 1468 daAuts
     D:5: 1312 daAuts
     D:8: 973 daAuts
     D:1: 743 daAuts
     D:2: 695 daAuts
     D:4: 498 daAuts
   Sewer: 216 daAuts
     D:9: 201 daAuts
  Temple: 27 daAuts
